 Dungeon Crawl Stone Soup version 0.21.1-1-g345015f (webtiles) character file.

7962 inc the Frost Mage (level 11, 0/61 HPs)
             Began as an Octopode Ice Elementalist on June 17, 2018.
             Was an Elder of Vehumet.
             Killed by divine providence
             ... invoked by an orc priest
              (16 damage)
             ... on level 10 of the Dungeon.
             The game lasted 00:32:25 (13990 turns).

inc the Frost Mage (Octopode Ice Elementalist)     Turns: 13990, Time: 00:32:25

Health: 0/61       AC:  1    Str:  7    XL:     11   Next: 23%
Magic:  9/21       EV: 13    Int: 20    God:    Vehumet [****..]
Gold:   571        SH:  5    Dex: 14    Spells: 6/23 levels left

rFire    . . .     SeeInvis .   B - staff of cold
rCold    + . .     Gourm    .   x - +0 buckler
rNeg     . . .     Faith    .   (helmet restricted)
rPois    .         Spirit   .   (no amulet)
rElec    .         Reflect  .   (no ring)
rCorr    .         Harm     .   (no ring)
MR       .....                  (no ring)
Stlth    +++.......             (no ring)
HPRegen  0.20/turn              (no ring)
MPRegen  0.17/turn              (no ring)
                                (no ring)
                                (no ring)

@: no status effects
A: almost no armour, stealthy swim, amphibious, 8 rings, constrict 8, camouflage
1, gelatinous body 1
a: Renounce Religion


You were on level 10 of the Dungeon.
You worshipped Vehumet.
Vehumet was greatly pleased with you.
You were not hungry.

You visited 2 branches of the dungeon, and saw 11 of its levels.

You collected 571 gold pieces.

Inventory:

Hand Weapons
 b - a +0 whip of freezing
 u - a -2 short sword
Missiles
 h - 5 curare-tipped needles
 J - 3 needles of sleeping
Armour
 r - a +3 shield
 x - a +0 buckler (worn)
Magical Staves
 o - an uncursed staff of air
 B - an uncursed staff of cold (weapon)
 E - an uncursed staff of fire
Jewellery
 j - an uncursed amulet of guardian spirit
 p - a cursed amulet of inaccuracy
 I - a cursed amulet of inaccuracy
Wands
 w - a wand of polymorph (8)
 F - a wand of acid (8)
Scrolls
 e - 6 scrolls of teleportation
 f - 3 scrolls of enchant armour
 l - 7 scrolls of remove curse
 m - 2 scrolls of identify
 y - a scroll of torment {unknown}
 C - a scroll of fear
 D - 3 scrolls of amnesia
 G - 2 scrolls of magic mapping {unknown}
 K - a scroll of immolation {unknown}
Potions
 d - a potion of brilliance {unknown}
 g - a potion of degeneration
 i - 3 potions of curing
 k - 3 potions of might
 n - a potion of invisibility
 q - 3 potions of lignification
 t - 2 potions of flight
 A - 2 potions of ambrosia
Books
 a - a book of Frost

   Spells                             Type                      Level
   a - Freeze                         Ice                          1
   b - Throw Frost                    Conjuration/Ice              2
   c - Ozocubu's Armour               Charms/Ice                   3
   d - Throw Icicle                   Conjuration/Ice              4
   e - Summon Ice Beast               Ice/Summoning                4
 s - the Volume of Talismans
   (You found it on level 4 of the Dungeon)

   Spells                             Type                      Level
   a - Infusion                       Charms                       1
   b - Swiftness                      Charms/Air                   2
   c - Excruciating Wounds            Charms/Necromancy            5
   d - Iskenderun's Battlesphere      Conjuration/Charms           5
   e - Deflect Missiles               Charms/Air                   6
 v - a book of Misfortune

   Spells                             Type                      Level
   a - Confusing Touch                Hexes                        1
   b - Confuse                        Hexes                        3
   c - Gell's Gravitas                Translocation                3
   d - Petrify                        Transmutation/Earth          4
   e - Metabolic Englaciation         Hexes/Ice                    5
   f - Yara's Violent Unravelling     Hexes/Transmutation          5
 z - a book of Conjurations

   Spells                             Type                      Level
   a - Magic Dart                     Conjuration                  1
   b - Searing Ray                    Conjuration                  2
   c - Dazzling Spray                 Conjuration/Hexes            3
   d - Fulminant Prism                Conjuration/Hexes            4
   e - Force Lance                    Conjuration/Translocation    4
   f - Iskenderun's Mystic Blast      Conjuration                  4
Comestibles
 c - 8 rations
 H - 5 chunks of flesh


   Skills:
 - Level 2.0 Dodging
 - Level 2.6 Stealth
 - Level 4.1 Shields
 - Level 6.8 Spellcasting
 - Level 5.2 Conjurations
 - Level 3.7 Charms
 - Level 3.4 Summonings
 - Level 10.8 Ice Magic
 + Level 8.0 Evocations


You had 6 spell levels left.
You knew the following spells:

 Your Spells              Type           Power        Failure   Level  Hunger
a - Freeze                Ice            ####         1%          1    None
b - Ozocubu's Armour      Chrm/Ice       ######..     1%          3    #......
c - Throw Icicle          Conj/Ice       ######..     1%          4    ###....
d - Swiftness             Chrm/Air       ##......     7%          2    None
e - Summon Ice Beast      Ice/Summ       ######..     4%          4    ###....
f - Mephitic Cloud        Conj/Pois/Air  ##......     4%          3    #......


Dungeon Overview and Level Annotations

Branches:
Dungeon (10/15)            Temple (1/1) D:7
   Lair: D:8-11         Orc: D:9-12

Altars:
Ashenzari
Cheibriados
Dithmenos
Elyvilon
Fedhas
Gozag
Hepliaklqana
Kikubaaqudgha
Makhleb
Nemelex Xobeh
Okawaru
Qazlal
Ru
Sif Muna
Trog
Uskayaw
Vehumet
Wu Jian
Xom
Yredelemnul
Zin
The Shining One

Shops:
D:5 %

Annotations:
D:4 2 transporters, Duvessa; emiel's ghost, amateur HuEE


Innate Abilities, Weirdness & Mutations

You cannot wear most types of armour.
You are very stealthy in the water. (Stealth+)
You are amphibious.
You can wear up to eight rings at the same time.
You can use your tentacles to constrict eight enemies at once.
Your skin changes colour to match your surroundings (Stealth+).
Your rubbery body absorbs attacks. (AC +1, EV +1)


Message History

You see here a whip of electrocution.
There isn't anything to butcher here.
Okay, then.
Things that are here:
a battleaxe; a plate armour You see here a whip of electrocution.
Your icy armour starts to melt.
Things that are here:
a battleaxe; a plate armour You see here a whip of electrocution.
Your icy armour evaporates.
You see here a warg corpse.
You butcher the warg corpse.
H - 5 chunks of flesh
Okay, then.
Unknown command.
You start resting.
The orc priest invokes the aid of Beogh against you.
Beogh smites you!
You die...

. ######## ...
.......###.....
#....o.o.. #.#....... .
#.##...... o.....Z #.#
#.....
...o...########o####....
................@.# ##..
........#.......### #
.F......#.......#
........#.......#
........#.......#
#.#.......# #.#.......#
#.#.......# #.......#.#


You could see an orc priest.

Vanquished Creatures
  Erica (D:9)
  A two-headed ogre (D:8)
  The ghost of Hebeh the Slicer, a novice DDFi of Makhleb (D:8)
  2 trolls (D:9)
  A spriggan (D:7)
  11 yaks
  A warg (D:10)
  Edmund (D:5)
  2 water moccasins
  2 orc warriors
  2 sky beasts (D:8)
  2 ice beasts
  4 centaurs
  4 ogres
  2 big kobolds
  3 bullfrogs
  2 wyvern skeletons
  2 scorpions
  2 howler monkeys
  A bullfrog zombie (D:3)
  A crimson imp (D:9)
  6 hounds
  4 jellies
  An orc priest (D:9)
  6 orc wizards
  A centaur skeleton (D:7)
  8 worker ants
  2 hound zombies
  A hound skeleton (D:5)
  Robin (D:2)
  7 gnolls
  12 adders
  A shadow imp (D:5)
  An adder zombie (D:8)
  3 worms
  9 leopard geckos
  16 orcs
  A ball python (D:1)
  10 giant cockroaches
  7 hobgoblins
  14 jackals
  11 kobolds
  5 quokkas
  11 bats
  6 frilled lizards (D:2)
  2 gnoll zombies (D:6)
  14 goblins
  8 rats
216 creatures vanquished.

Vanquished Creatures (collateral kills)
  A two-headed ogre (D:7)
  A hungry ghost (D:7)
  2 yaks (D:9)
  A warg (D:10)
  An orc warrior (D:7)
  An orc priest (D:9)
  An orc wizard (D:9)
  3 gnolls (D:7)
  4 orcs
15 creatures vanquished.

Grand Total: 231 creatures vanquished

Notes
Turn   | Place    | Note
-------+----------+-------------------------------------------
     0 | D:1      | inc the Octopode Ice Elementalist began the quest for the Orb.
     0 | D:1      | Reached XP level 1. HP: 11/11 MP: 3/3
   293 | D:1      | Reached XP level 2. HP: 15/17 MP: 5/5
   914 | D:1      | Reached skill level 4 in Ice Magic
  1008 | D:1      | Reached XP level 3. HP: 17/21 MP: 6/6
  1766 | D:2      | Found a bloodstained altar of Trog.
  1767 | D:2      | Found a glowing silver altar of Zin.
  1767 | D:2      | Found a glowing golden altar of the Shining One.
  1769 | D:2      | Found a shattered altar of Ashenzari.
  1769 | D:2      | Found a radiant altar of Vehumet.
  1769 | D:2      | Found a deep blue altar of Sif Muna.
  1779 | D:2      | Became a worshipper of Vehumet
  1805 | D:2      | Found an opulent altar of Gozag.
  1956 | D:2      | Reached XP level 4. HP: 18/27 MP: 0/7
  2123 | D:2      | Reached skill level 5 in Ice Magic
  2454 | D:2      | Noticed a dagger
  2454 | D:2      | Noticed a dagger
  2455 | D:2      | Found a hide-covered altar of Uskayaw.
  2714 | D:2      | Learned a level 3 spell: Ozocubu's Armour
  2717 | D:2      | Learned a level 2 spell: Throw Frost
  2883 | D:2      | Noticed Robin
  2891 | D:2      | Killed Robin
  2893 | D:2      | Reached * piety under Vehumet
  2893 | D:2      | Offered knowledge of Shock by Vehumet.
  2895 | D:2      | Reached skill level 1 in Charms
  3274 | D:3      | Reached XP level 5. HP: 31/31 MP: 8/8
  3407 | D:3      | Found a shadowy altar of Dithmenos.
  3724 | D:3      | Found an iron altar of Okawaru.
  4301 | D:3      | Reached XP level 6. HP: 15/36 MP: 1/9
  4605 | D:3      | Reached ** piety under Vehumet
  4605 | D:3      | Offered knowledge of Sandblast by Vehumet.
  4635 | D:3      | Found an opulent altar of Gozag.
  5100 | D:4      | Identified the Volume of Talismans
  5109 | D:4      | Noticed emiel's ghost (amateur HuEE)
  5254 | D:4      | Found a transporter.
  5256 | D:4      | Found a transporter.
  5298 | D:4      | Learned a level 2 spell: Swiftness
  5308 | D:4      | Noticed Duvessa
  5556 | D:5      | Entered Level 5 of the Dungeon
  5599 | D:5      | Found Osyfriga's Food Emporium.
  5745 | D:5      | Reached XP level 7. HP: 16/41 MP: 3/12
  6133 | D:5      | Noticed Edmund
  6400 | D:6      | Reached skill level 5 in Spellcasting
  6520 | D:6      | Found a basalt altar of Yredelemnul.
  6604 | D:6      | Noticed a yak
  6605 | D:6      | Noticed a yak
  6606 | D:6      | Noticed a yak
  6630 | D:6      | Killed a yak
  6630 | D:6      | Reached XP level 8. HP: 16/46 MP: 4/15
  6755 | D:6      | Noticed a yak
  6779 | D:6      | Killed a yak
  6785 | D:6      | Killed a yak
  6785 | D:6      | Reached skill level 6 in Ice Magic
  6820 | D:6      | Killed a yak
  6820 | D:6      | Reached skill level 7 in Ice Magic
  6922 | D:6      | Learned a level 4 spell: Summon Ice Beast
  6957 | D:6      | Reached skill level 1 in Summonings
  7643 | D:6      | Offered knowledge of Mephitic Cloud by Vehumet.
  7652 | D:6      | Learned a level 3 spell: Mephitic Cloud
  7743 | D:6      | Learned a level 4 spell: Throw Icicle
  8357 | D:7      | Reached XP level 9. HP: 33/51 MP: 16/16
  8811 | D:7      | Noticed a two-headed ogre
  8837 | D:7      | Reached *** piety under Vehumet
  9068 | D:7      | Found a staircase to the Ecumenical Temple.
  9078 | Temple   | Entered the Ecumenical Temple
  9268 | D:7      | Reached skill level 5 in Conjurations
  9703 | D:7      | Killed a two-headed ogre
 10168 | D:5      | Killed Edmund
 10759 | D:7      | Reached skill level 1 in Evocations
 10837 | D:7      | Offered knowledge of Conjure Flame by Vehumet.
 11545 | D:8      | Noticed Hebeh's ghost (novice DDFi)
 11556 | D:8      | Killed Hebeh's ghost
 11556 | D:8      | Reached XP level 10. HP: 56/56 MP: 4/20
 11870 | D:8      | Noticed a two-headed ogre
 11883 | D:8      | Killed a two-headed ogre
 11883 | D:8      | Reached skill level 8 in Ice Magic
 12573 | D:9      | Reached skill level 9 in Ice Magic
 12761 | D:9      | Noticed Erica
 12761 | D:9      | Reached **** piety under Vehumet
 12811 | D:9      | Killed Erica
 12811 | D:9      | Reached skill level 10 in Ice Magic
 13060 | D:9      | Reached XP level 11. HP: 51/61 MP: 19/21
 13333 | D:9      | Found a shimmering altar of Xom.
 13333 | D:9      | Found a snail-covered altar of Cheibriados.
 13434 | D:9      | Offered knowledge of Bolt of Magma by Vehumet.
 13860 | D:10     | Entered Level 10 of the Dungeon
 13990 | D:10     | Killed from afar by an orc priest

Skill      XL: |  1  2  3  4  5  6  7  8  9 10 11 |
---------------+----------------------------------+-----
Ice Magic      | 4 5 7 10 | 10.8
Charms         | 1 3 |  3.7
Spellcasting   | 3 5 6 |  6.8
Shields        | 2 4 |  4.1
Summonings     | 3 |  3.4
Conjurations   | 2 5 |  5.2
Evocations     | 6 8 |  8.0
Dodging        | |  2.0
Stealth        | |  2.6

Action                   |  1- 3 |  4- 6 |  7- 9 | 10-12 || total
-------------------------+-------+-------+-------+-------++-------
Melee: Unarmed           |     5 |       |       |       ||     5
       Whip              |    66 |    89 |   133 |       ||   288
       Constrict         |    19 |    29 |    36 |    14 ||    98
       Tentacles         |    14 |    14 |    26 |    26 ||    80
       Dagger            |     1 |       |       |       ||     1
       Short sword       |       |     5 |       |       ||     5
       Staff             |       |       |    29 |    80 ||   109
 Cast: Freeze            |    16 |    71 |   113 |    11 ||   211
       Ozocubu's Armour  |       |     7 |    20 |     7 ||    34
       Summon Ice Beast  |       |       |    11 |     7 ||    18
       Throw Icicle      |       |       |    22 |    49 ||    71
       Mephitic Cloud    |       |       |     3 |     1 ||     4
       Swiftness         |       |       |     1 |     2 ||     3
  Use: Scroll            |     7 |     3 |    11 |       ||    21
       Potion            |       |     1 |     4 |     1 ||     6
 Stab: Sleeping          |    14 |     9 |     5 |     1 ||    29
       Confused          |       |       |     2 |       ||     2
       Distracted        |       |       |     1 |       ||     1
  Eat: Chunk             |     3 |     7 |    13 |     6 ||    29
       Ration            |       |     2 |     3 |     3 ||     8
Armor: Skin              |     4 |    26 |    78 |    18 ||   126
Dodge: Dodged            |    54 |   112 |   135 |    73 ||   374
Block: Buckler           |       |       |    40 |    19 ||    59
